 Dungeon Crawl Stone Soup version 0.17.1-3-g152610e (webtiles) character file.

4495 Gargoyl the Protected (level 10, 0/76 HPs)
             Began as a Demonspawn Abyssal Knight on Mar 31, 2016.
             Was a Priest of Lugonu.
             Succumbed to a killer bee's poison
             ... on level 9 of the Dungeon.
             The game lasted 00:39:51 (12982 turns).

Gargoyl the Protected (Demonspawn Abyssal Knight)  Turns: 12982, Time: 00:39:51

Health: 0/76       AC: 21    Str: 16    XL:     10   Next: 16%
Magic:  13/13      EV:  9    Int: 14    God:    Lugonu [***...]
Gold:   554        SH:  0    Dex: 14    Spells: 0 memorised, 9 levels left

rFire  + . .     SeeInvis .     z - +0 battleaxe
rCold  . . .     Clarity  .     t - +0 chain mail
rNeg   + + .     SustAt   .     (shield currently unavailable)
rPois  .         Gourm    .     l - +2 helmet
rElec  +         Spirit   .     b - +0 cloak
rCorr  .         Warding  +     h - +0 pair of gloves
rMut   .         Stasis   .     (no boots)
MR     .....                    y - amulet of warding
Stlth  ..........               w - +2 ring of dexterity
                                k - ring of positive energy

@: lethally poisoned (0 -> -4), not resistant to hostile enchantments, extremely
unstealthy
A: claws 1, thin metallic scales 3, blink, demonic guardian 1, fire resistance 1
a: Blink, Depart the Abyss, Bend Space, Banish, Renounce Religion


You were on level 9 of the Dungeon.
You worshipped Lugonu.
Lugonu was most pleased with you.
You were hungry.

You visited 1 branch of the dungeon, and saw 9 of its levels.
You visited the Abyss 1 time.
You also visited: Sewer.

You collected 554 gold pieces.

Inventory:

Hand Weapons
 e - a +1 flail of protection
 z - a +0 battleaxe (weapon)
Armour
 b - a +0 cloak (worn)
 h - a +0 pair of gloves (worn)
 l - a +2 helmet (worn)
 t - a +0 chain mail (worn)
Jewellery
 j - an uncursed ring of positive energy
 k - a ring of positive energy (left hand)
 w - a +2 ring of dexterity (right hand)
 x - an uncursed amulet of the gourmand
 y - an amulet of warding (around neck)
Wands
 c - a wand of disintegration (15)
 d - a wand of frost (8)
 n - a wand of enslavement (6)
Scrolls
 f - 3 scrolls of remove curse
 i - a scroll of amnesia
 m - 8 scrolls of identify
 o - 3 scrolls of magic mapping
 A - a scroll of blinking
Potions
 r - a potion of poison
Books
 g - a book of Envenomations

   Spells                             Type                      Level
   a - Spider Form                    Transmutation/Poison         3
   b - Alistair's Intoxication        Transmutation/Poison         4
   c - Olgreb's Toxic Radiance        Poison                       4
   d - Poisonous Cloud                Conjuration/Poison/Air       6
Comestibles
 s - 3 meat rations


   Skills:
 + Level 6.1 Fighting
 + Level 6.2 Axes
 + Level 1.3 Throwing
 * Level 9.4 Armour
 + Level 5.0 Dodging
 + Level 1.8 Stealth
 + Level 4.9 Invocations


You had 9 spell levels left.
You didn't know any spells.

Dungeon Overview and Level Annotations

Branches:
Dungeon (9/15)             Temple (0/1) D:6
   Lair: D:8-11         Orc: D:9-12

Altars:
Ashenzari
Elyvilon
Makhleb
Nemelex Xobeh
Okawaru
Trog
Vehumet
Xom
The Shining One

Annotations:
Abyss:1 Joseph


Innate Abilities, Weirdness & Mutations

You have sharp fingernails.
You are completely covered in thin metallic scales (AC +4, rElec).
A weak demonic guardian rushes to your aid.
Your flesh is heat resistant.
You can translocate small distances at will.


Message History

You completely miss the killer bee.
The killer bee is almost dead.
The killer bee stings you.
* * * LOW HITPOINT WARNING * * *
You are lethally poisoned!
The killer bee poisons you!
The killer bee stings you but does no damage.
Drink which item? (? for menu, Esc to quit)
Okay, then.
You closely miss the killer bee.
The killer bee is severely wounded.
* * * LOW HITPOINT WARNING * * *
You feel sick. The killer bee closely misses you.
The killer bee barely misses you. x2
You slash the killer bee!
You kill the killer bee!
Lugonu accepts your kill.
* * * LOW HITPOINT WARNING * * *
You feel sick.
You die...

#.##.#.............#
#....รท.###########.##.#
######## #.##.# #.##.#
#########.##.#
#.........##.#
#.##########.# #.# #.#
#@##########.#
#.....)......#
#...............#
#.#############.# #. #.#
########.# .........#
#.##.# #######..#####
#.##.# #.......


There were no monsters in sight!

Vanquished Creatures
  Grinder (D:5)
  A hippogriff (D:8)
  The ghost of Jerry the Skirmisher, an amateur DrFi (D:3)
  Edmund (D:5)
  2 phantoms
  3 ogres
  2 ice beasts
  2 centaurs
  7 giant frogs
  A water moccasin skeleton (D:5)
  A scorpion (D:4)
  10 killer bees
  2 wights (D:6)
  2 giant frog zombies
  An electric eel (D:6)
  A crimson imp (D:9)
  A hound (D:4)
  An orc priest (D:7)
  3 jellies
  A giant frog skeleton (D:4)
  A centaur skeleton (D:4)
  2 iguanas
  6 worker ants
  5 orc wizards
  A statue (D:4)
  A killer bee zombie (D:8)
  3 gnolls (D:5)
  A worker ant zombie (D:9)
  9 adders
  A shadow imp (D:8)
  An ooze (D:2)
  An adder skeleton (D:4)
  4 worms
  8 giant geckos
  12 orcs
  5 ball pythons
  11 giant cockroaches
  5 goblins
  11 hobgoblins
  6 jackals
  6 quokkas
  3 bats
  10 giant newts
  4 kobolds
  9 rats
170 creatures vanquished.

Vanquished Creatures (collateral kills)
  Sigmund (D:5)
  A water moccasin (D:6)
  2 sky beasts
  4 giant frogs
  2 wights (D:6)
  5 killer bees
  A giant frog zombie (D:6)
  3 orc wizards
  A hound (D:6)
  A worker ant (D:5)
  A killer bee zombie (D:8)
  2 worker ant zombies
  An adder (D:6)
  A worm (D:5)
  4 orcs
  A quokka zombie (D:8)
31 creatures vanquished.

Vanquished Creatures (others)
  The ghost of shizyaka the Covered, a novice TeFi of Elyvilon (D:6)
  A hungry ghost (D:7)
  3 killer bees
  An orc priest (D:8)
6 creatures vanquished.

Grand Total: 207 creatures vanquished

Notes
Turn   | Place    | Note
--------------------------------------------------------------
     0 | Abyss:1  | Gargoyl the Demonspawn Abyssal Knight began the quest for the Orb.
     0 | Abyss:1  | Reached XP level 1. HP: 18/18 MP: 2/2
    39 | Abyss:1  | Noticed a starcursed mass
    41 | D:1      | Escaped the Abyss
   101 | D:1      | Noticed a giant frog
   183 | D:1      | Reached skill level 1 in Dodging
   311 | D:1      | Gained mutation: A weak demonic guardian rushes to your aid. [demonic ancestry]
   311 | D:1      | Reached XP level 2. HP: 24/24 MP: 4/4
   438 | D:1      | Reached * piety under Lugonu
  1036 | D:1      | Reached XP level 3. HP: 14/29 MP: 5/5
  1557 | D:2      | Found a bloodstained altar of Trog.
  1726 | D:2      | You fall through a shaft for 2 floors!
  1734 | D:4      | Gained mutation: You are partially covered in thin metallic scales (AC +2). [demonic ancestry]
  1734 | D:4      | Reached XP level 4. HP: 23/36 MP: 6/6
  2021 | D:4      | Found a radiant altar of Vehumet.
  2021 | D:4      | Noticed a charred statue
  2046 | D:4      | Noticed a scorpion
  2113 | D:3      | Reached ** piety under Lugonu
  2420 | D:2      | Found a white marble altar of Elyvilon.
  2935 | D:2      | Found a sparkling altar of Nemelex Xobeh.
  3119 | D:3      | Found a shattered altar of Ashenzari.
  3503 | D:3      | Noticed Jerry's ghost (amateur DrFi)
  3523 | D:3      | Killed Jerry's ghost
  3523 | D:3      | Reached skill level 1 in Stealth
  3523 | D:3      | Gained mutation: You have sharp fingernails. [demonic ancestry]
  3523 | D:3      | Reached XP level 5. HP: 19/42 MP: 7/7
  4188 | D:4      | Noticed a scorpion
  4200 | D:4      | Killed a scorpion
  4200 | D:4      | Gained mutation: You are mostly covered in thin metallic scales (AC +3). [demonic ancestry]
  4200 | D:4      | Reached XP level 6. HP: 48/48 MP: 8/8
  4255 | D:4      | Killed a charred statue
  4762 | D:4      | Reached skill level 4 in Armour
  4920 | D:5      | Entered Level 5 of the Dungeon
  4933 | D:5      | Reached skill level 1 in Throwing
  4934 | D:5      | Found a burning altar of Makhleb.
  5079 | D:5      | Found a glowing drain.
  5084 | Sewer    | Entered a sewer
  5477 | Sewer    | Reached XP level 7. HP: 54/54 MP: 9/9
  5494 | Sewer    | Reached *** piety under Lugonu
  5512 | Sewer    | Reached skill level 5 in Armour
  5692 | D:5      | HP: 1/54 [acid (3)]
  6053 | D:5      | Noticed Sigmund
  6054 | D:5      | Found an iron altar of Okawaru.
  6067 | D:5      | Killed Sigmund
  6247 | D:5      | Reached skill level 6 in Armour
  6324 | D:5      | Noticed Edmund
  6360 | D:5      | HP: 4/81 [Edmund/flail of protection (4)]
  6363 | D:5      | Killed Edmund
  6363 | D:5      | Reached XP level 8. HP: 11/60 MP: 10/10
  6751 | D:5      | Found a shimmering altar of Xom.
  7001 | D:5      | Noticed Grinder
  7013 | D:5      | Paralysed by something for 5 turns
  7024 | D:5      | Paralysed by something for 7 turns
  7043 | D:5      | Paralysed by Grinder for 3 turns
  7061 | D:5      | Killed Grinder
  7357 | D:6      | Reached skill level 7 in Armour
  7391 | D:6      | Noticed shizyaka's ghost (novice TeFi)
  7439 | D:6      | Banished shizyaka's ghost
  7791 | D:6      | Found a staircase to the Ecumenical Temple.
  7924 | D:6      | Reached skill level 5 in Fighting
  8687 | D:6      | Gained mutation: You are completely covered in thin metallic scales (AC +4, rElec). [demonic ancestry]
  8687 | D:6      | Reached XP level 9. HP: 68/68 MP: 11/11
  9091 | D:7      | Reached skill level 5 in Axes
  9640 | D:7      | Reached **** piety under Lugonu
  9650 | D:7      | Reached skill level 8 in Armour
  9684 | D:7      | Gained mutation: You can translocate small distances at will. [mutagenic meat]
 10133 | D:7      | Noticed Joseph
 10166 | D:7      | Banished Joseph
 12063 | D:8      | Found a glowing golden altar of the Shining One.
 12090 | D:8      | Reached skill level 9 in Armour
 12221 | D:8      | Gained mutation: Your flesh is heat resistant. [demonic ancestry]
 12221 | D:8      | Reached XP level 10. HP: 52/76 MP: 13/13
 12887 | D:9      | Reached skill level 5 in Dodging
 12979 | D:9      | HP: 2/76 [killer bee (6)]
 12982 | D:9      | Succumbed to a killer bee's poison

Action                   |  1- 3 |  4- 6 |  7- 9 | 10-12 || total
-------------------------+-------+-------+-------+-------++-------
Melee: Hand axe          |   104 |   272 |   693 |       ||  1069
       Battleaxe         |       |       |    29 |   109 ||   138
Throw: Tomahawk          |     8 |     8 |     7 |     2 ||    25
Invok: Depart the Abyss  |     1 |       |       |       ||     1
       Banish            |       |       |    11 |       ||    11
  Use: Scroll            |       |     6 |    11 |     4 ||    21
       Potion            |       |       |    12 |     3 ||    15
 Stab: Distracted        |     1 |       |     6 |       ||     7
  Eat: Chunk             |     3 |     3 |    16 |     2 ||    24
       Bread ration      |       |     2 |     2 |       ||     4
       Pizza             |       |     1 |       |       ||     1
       Meat ration       |       |       |     2 |       ||     2
